 Dungeon Crawl Stone Soup version 0.30-a0-728-gc68057be0a (webtiles) character file.

Game seed: 13064374356237270508

126 retardedninja the Chopper (level 4, 0/35 HPs)
             Began as a Demonspawn Gladiator on Jan 30, 2023.
             Killed by divine providence
             ... invoked by an orc priest
              (10 damage)
             ... on level 4 of the Dungeon.
             The game lasted 00:03:45 (3307 turns).

retardedninja the Chopper (Demonspawn Gladiator)    Turns: 3307, Time: 00:03:45

Health: 0/35       AC:  8    Str: 17    XL:     4   Next: 83%
Magic:  4/4        EV: 10    Int:  9    God:
Gold:   140        SH:  0    Dex: 14    Spells: 3/3 levels left

rFire   . . .      SeeInvis .    a - +0 war axe
rCold   . . .      Faith    .    (no shield)
rNeg    . . .      Spirit   .    u - +0 chain mail
rPois   .          Reflect  .    (helmet restricted)
rElec   .          Harm     .    (no cloak)
rCorr   .          Rampage  .    (no gloves)
Will    +....                    (no boots) Stlth
                                 i - amulet of the acrobat
HPRegen 0.25/turn                f - +4 ring of slaying
MPRegen 0.09/turn                m - ring of willpower

@: brilliant
A: antennae 1, sturdy frame 2
a: no special abilities


You were on level 4 of the Dungeon.
You visited 1 branch of the dungeon, and saw 4 of its levels.

You collected 140 gold pieces.

Inventory:

Hand Weapons
 a - a +0 war axe (weapon)
Missiles
 d - 3 throwing nets (quivered)
 e - a javelin
Armour
 c - a +0 helmet
 u - a +0 chain mail (worn)
Jewellery
 f - a +4 ring of slaying (left hand)
 i - an amulet of the acrobat (around neck)
 m - a ring of willpower (right hand)
Scrolls
 g - a scroll of fog {unknown}
 n - 2 scrolls of teleportation {unknown}
 p - a scroll of identify {unknown}
 q - a scroll of torment {unknown}
 r - a scroll of vulnerability {unknown}
 t - 3 scrolls of blinking {unknown}
Potions
 h - a potion of lignification {unknown}
 j - a potion of mutation {unknown}
 k - a potion of might {unknown}
 l - 3 potions of brilliance
 o - a potion of flight {unknown}
 s - a potion of curing {unknown}


   Skills:
 + Level 3.1 Fighting
 + Level 3.4 Axes
 + Level 2.7 Throwing
 + Level 3.4 Dodging


You had 3 spell levels left.
You didn't know any spells.
Your spell library was empty.

Dungeon Overview and Level Annotations

Branches:
Dungeon (4/15)
 Temple: D:4-7

Altars:
Uskayaw
Xom
Yredelemnul

Shops:
D:1 [

Annotations:
D:3 1 runed translucent door, Crazy Yiuf


Innate Abilities, Weirdness & Mutations

You have a pair of small antennae on your head.
Your movements are less encumbered by armour. (ER -4)


Message History

The orc burns you.
You hit the orc.
The orc is heavily wounded.
You hit the orc priest. The orc hits you but does no damage.
The orc priest calls upon Beogh to heal the orc.
The orc's wounds heal themselves!
The orc hits you with a +1 trident of flaming!
The orc burns you.
The orc priest hits you with a +0 flail.
You feel much better.
The orc priest looks encouraged for a moment.
The orc hits you with a +1 trident of flaming.
The orc burns you.
You slash the orc!
You kill the orc!
You barely miss the orc priest. The orc priest barely misses you.
The orc priest calls down the wrath of Beogh upon you.
Beogh smites you!
You see here a +1 trident of flaming.
You hit the orc priest.
The orc priest is moderately wounded.
The orc priest closely misses you.
You hit the orc priest but do no damage.
The orc priest is moderately wounded.
The orc priest hits you with a +0 flail!
* * * LOW HITPOINT WARNING * * *
The orc priest hits you but does no damage.
You hit the orc priest.
The orc priest is heavily wounded.
The orc priest hits you with a +0 flail.
* * * LOW HITPOINT WARNING * * *
You hit the orc priest.
The orc priest is severely wounded.
The orc priest misses you.
You hit the orc priest.
The orc priest is almost dead.
The orc priest closely misses you.
The orc priest calls down the wrath of Beogh upon you.
Beogh smites you!
You die...

#.......##
###.....~..~~..
##......#
###...~~..~~.
#....<.##
#....~~..~.
#.....#..#
#....~~..~~
#.....#..##
#..#..~≈..
.#....##..##
..###.≈~.
##....#.).## .#
.~~
#....)#...##..#
#.....o@......#
..............##
#####...........
####........
#........
#........
#........
.........


You could see an orc priest.

Vanquished Creatures
  An orc wizard (D:3)
  A gnoll (D:1)
  2 adders (D:3)
  2 dart slugs (D:1)
  A worm (D:2)
  7 orcs
  2 ball pythons
  4 bats
  5 endoplasms (D:1)
  2 giant cockroaches (D:1)
  6 goblins
  6 hobgoblins
  3 jackals (D:1)
  3 quokkas
  3 frilled lizards
  3 kobolds
  3 rats (D:1)
54 creatures vanquished.

Vanquished Creatures (others)
  11 plants (D:2)
  10 withered plants (D:2)
21 creatures vanquished.

Grand Total: 75 creatures vanquished

Notes
Turn   | Place    | Note
-------+----------+-------------------------------------------
     0 | D:1      | retardedninja the Demonspawn Gladiator began the quest for
                  | the Orb.
     0 | D:1      | Reached XP level 1. HP: 16/16 MP: 1/1
    28 | D:1      | Gained mutation: Your movements are slightly less
                  | encumbered by armour. (ER -2) [demonic ancestry]
    28 | D:1      | Reached XP level 2. HP: 6/22 MP: 2/2
   523 | D:1      | Found Duppelidde's Armour Shoppe.
   549 | D:1      | Gained mutation: Your movements are less encumbered by
                  | armour. (ER -4) [demonic ancestry]
   549 | D:1      | Reached XP level 3. HP: 28/28 MP: 3/3
  1888 | D:2      | Found a faded altar of an unknown god.
  2198 | D:3      | Noticed a +0 dagger
  2198 | D:3      | Noticed a +0 short sword
  2199 | D:3      | Noticed a +0 spear
  2199 | D:3      | Noticed a +0 short sword
  2199 | D:3      | Noticed a +0 spear
  2199 | D:3      | Noticed a +0 falchion
  2199 | D:3      | Noticed a +0 falchion
  2199 | D:3      | Noticed a +0 dagger
  2203 | D:3      | Found a hide-covered altar of Uskayaw.
  2309 | D:3      | Found a basalt altar of Yredelemnul.
  2361 | D:3      | Gained mutation: You have a pair of small antennae on your
                  | head. [demonic ancestry]
  2361 | D:3      | Reached XP level 4. HP: 33/34 MP: 4/4
  2791 | D:3      | Found a runed translucent door.
  2792 | D:3      | Noticed Crazy Yiuf
  3268 | D:4      | Found a shimmering altar of Xom.
  3307 | D:4      | Killed from afar by an orc priest

Illustrated notes

Levels and vault maps discovered:
D:1:      nicolae_arrival_somewhat_less_tricky_arrival, layout_loops_corners,
          serial_shops, shop
D:2:      layout_loops_corners, shapermc_ecumenical_altar_flowoftime,
          minmay_misc_feat_iff, serial_bayou_pond_c, minmay_fountain_box
D:3:      wander_river, layout_basic, nicolae_uskayaw_en_pointe,
          mainiacjoe_overflow_chevrons, kennysheep_generic_room_11,
          uniq_crazy_yiuf_cottage
D:4:      layout_layer_cave, mainiacjoe_overflow_catch_the_wave

Skill      XL: |  1  2  3  4 |
---------------+-------------+-----
Throwing       | 2 |  2.7
Axes           | 3 |  3.4
Dodging        | 3 |  3.4
Fighting       | 3 |  3.1

Action                     |  1- 3 |  4- 6 || total
---------------------------+-------+-------++-------
  Melee: War axe           |    90 |    46 ||   136
         Punch             |     1 |       ||     1
    Use: Scroll            |     1 |       ||     1
         Potion            |       |     3 ||     3
   Stab: Sleeping          |     2 |       ||     2
 Armour: Leather armour    |    25 |       ||    25
         Ring mail         |    13 |       ||    13
         Scale mail        |     9 |       ||     9
         Chain mail        |       |    27 ||    27
  Dodge: Dodged            |    76 |    37 ||   113

Table legend: (Time is in decaauts)
 A = Elapsed time spent in this place.
 B = Non-inter-level travel time spent in this place.
 C = Inter-level travel time spent in this place.
 D = Time resting spent in this place.
 E = Time spent auto-exploring this place.
 F = Levels seen in this place.
 G = Mean time per level.
                   A        B        C        D        E       F      G
               +--------+--------+--------+--------+--------+-----+--------+
         Total |   3370 |   3268 |    102 |    130 |   2635 |   4 |  842.5 |
       Dungeon |   3370 |   3268 |    102 |    130 |   2635 |   4 |  842.5 |
               +--------+--------+--------+--------+--------+-----+--------+

Top non-repeatable levels by time:
     D:1: 1257 daAuts
     D:3: 1108 daAuts
     D:2: 961 daAuts
     D:4: 42 daAuts
